 Dungeon Crawl Stone Soup version 0.28.0-53-g5a82cb258f (webtiles) character file.

Game seed: 11875932458634591345

574 Kranky the Magician (level 7, 0/56 HPs)
             Began as a Gnoll Wanderer on June 17, 2022.
             Was an Initiate of Okawaru.
             Slain by an adder (2 damage)
             ... on level 5 of the Dungeon.
             The game lasted 00:17:38 (6310 turns).

Kranky the Magician (Gnoll Wanderer)                Turns: 6310, Time: 00:17:38

Health: 0/56       AC: 10    Str: 10    XL:     7   Next: 34%
Magic:  18/18      EV:  9    Int: 14    God:    Okawaru [......]
Gold:   144        SH:  0    Dex: 24    Spells: 20/21 levels left

rFire   . . .      SeeInvis .   s - +3 hand axe
rCold   . . .      Faith    .   (no shield)
rNeg    . . .      Spirit   .   o - +0 scale mail
rPois   .          Reflect  .   (no helmet)
rElec   .          Harm     .   c - +0 cloak
rCorr   .          Rampage  .   (no gloves)
Will    .....                   m - +2 pair of boots
Stlth   ++........              (no amulet)
HPRegen 0.18/turn               r - +6 ring of dexterity
MPRegen 0.16/turn               b - +6 ring of dexterity

@: marked
A: fangs 1, strong nose, distributed training
a: Renounce Religion


You were on level 5 of the Dungeon.
You worshipped Okawaru.
Okawaru was noncommittal.
You visited 2 branches of the dungeon, and saw 6 of its levels.

You collected 144 gold pieces.

Inventory:

Hand Weapons
 e - a +0 long sword
 s - a +3 hand axe (weapon)
 u - a +2 short sword of protection
Missiles
 a - 2 poisoned darts
Armour
 c - a +0 cloak (worn)
 i - the +0 robe of Xupoiph {rC+ MP+9 Slay-2}
   (You found it on level 2 of the Dungeon)

   Slay:      It affects your accuracy & damage with ranged weapons and melee
   (-2).
   rC:        It protects you from cold.
   MP:        It affects your magic capacity (+9).
 m - a +2 pair of boots (worn)
 o - a +0 scale mail (worn)
Jewellery
 b - a +6 ring of dexterity (right hand)
 r - a +6 ring of dexterity (left hand)
Scrolls
 d - a scroll of noise {unknown}
 f - a scroll of brand weapon {unknown}
 g - a scroll of magic mapping
 j - a scroll of immolation
 n - a scroll of blinking
 t - a scroll of fear {unknown}
Potions
 l - a potion of mutation {unknown}
 p - a potion of heal wounds {unknown}
 q - a potion of magic {unknown}


   Skills:
 + Level 5.2 Fighting
 + Level 2.4 Short Blades
 + Level 2.4 Long Blades
 + Level 2.4 Axes
 + Level 2.4 Maces & Flails
 + Level 2.4 Polearms
 + Level 2.4 Staves
 + Level 2.4 Slings
 + Level 2.4 Bows
 + Level 2.4 Crossbows
 + Level 2.4 Throwing
 + Level 2.4 Armour
 + Level 2.4 Dodging
 + Level 3.4 Stealth
 + Level 2.4 Shields
 + Level 2.4 Unarmed Combat
 + Level 7.6 Spellcasting
 + Level 2.0 Conjurations
 + Level 2.0 Hexes
 + Level 5.8 Summonings
 + Level 2.0 Necromancy
 + Level 2.0 Translocations
 + Level 2.9 Transmutations
 + Level 2.0 Fire Magic
 + Level 2.0 Ice Magic
 + Level 2.0 Air Magic
 + Level 2.0 Earth Magic
 + Level 2.0 Poison Magic
 + Level 2.7 Invocations
 + Level 2.4 Evocations


You had 20 spell levels left.
You knew the following spells:

 Your Spells              Type           Power      Damage    Failure   Level
a - Summon Small Mammal   Summ           84%        N/A       9%          1

Your spell library contained the following spells:

 Spells                   Type           Power      Damage    Failure   Level
 Apportation              Tloc           20%        N/A       36%         1
 Wereblood                Tmut           13%        N/A       36%         2
 Passwall                 Tmut/Erth      10%        N/A       43%         2
 Animate Skeleton         Necr           Unusable   N/A       N/A         1
 Summon Guardian Golem    Hex/Summ       Unusable   N/A       N/A         3
 Animate Armour           Summ/Erth      Unusable   N/A       N/A         4

Dungeon Overview and Level Annotations

Branches:
Dungeon (5/15)             Temple (1/1) D:4

Altars:
Elyvilon
Fedhas
Gozag
Kikubaaqudgha
Makhleb
Nemelex Xobeh
Okawaru
Ru
Sif Muna
Uskayaw
Vehumet
Wu Jian
Yredelemnul

Annotations:
D:3 4 transporters, Sin92's ghost, amateur DsFi
D:5 Grinder


Innate Abilities, Weirdness & Mutations

You have very sharp teeth.
Your uncanny sense of smell can sniff out nearby items.
Your experience applies equally to all skills.


Message History

Grinder barely misses you. Grinder gestures at you.
You struggle to resist.
Grinder gestures at something.
You resist with significant effort.
A phantom comes into view.
Grinder says, "At least Makhleb appreciates what I'm doing."
You catch the helpless phantom completely off-guard!
You hit the phantom.
The phantom is lightly damaged.
The phantom pulls the alarm!
The alarm trap emits a blaring wail!
A sentinel's mark forms upon you.
You hear an angry hiss.
You hear a shout! x4
The phantom hits you but does no damage.
Grinder blinks!
You flicker for a moment.
An adder comes into view.
You flicker back into view.
Things that are here:
a +0 chain mail; a +0 chain mail
There is a stone staircase leading up here.
The phantom hits you.
* * * LOW HITPOINT WARNING * * *
The phantom blinks!
You blink.
You stop ascending the stairs.
Grinder blinks!
A bullfrog zombie comes into view.
The phantom hits you.
* * * LOW HITPOINT WARNING * * *
The phantom blinks!
You blink.
Grinder blinks!
The bullfrog zombie moves out of view.
You hit the phantom.
The phantom is lightly damaged.
The phantom hits you but does no damage.
Unknown command.
The adder barely misses you. The bullfrog zombie barely misses you.
The adder bites you but does no damage.
There is a stone staircase leading up here.
The adder bites you.
You die...

###### #....# ** ####.# #.
#########.# #. #.........#### #.
#.######.....# #.
#####.######.....# #.
#..........#.Z...##############.
#............WS@................
#..........##.###########.#####.
#.....(....##[###########.#####.
#...............................
#####.#######.###########.#####.
#>.........Z.Z..............
#.#######................... *,*
#....###########.#####. *,*
#.##.# ****** #.# ##


You could see a phantom, an adder and a bullfrog zombie.

Vanquished Creatures
  A necrophage (D:4)
  2 ogres (D:4)
  An orc priest (D:4)
  A centaur skeleton (D:4)
  3 orc wizards
  A hound zombie (D:5)
  4 adders
  3 ufetubi
  2 adder skeletons (D:4)
  3 worms
  3 dart slugs
  8 orcs
  14 ball pythons
  9 endoplasms
  2 giant cockroaches
  3 goblins (D:1)
  11 hobgoblins
  6 jackals (D:1)
  3 quokkas
  6 bats
  6 frilled lizards
  4 kobolds
  6 rats
102 creatures vanquished.

Vanquished Creatures (others)
  8 plants
8 creatures vanquished.

Grand Total: 110 creatures vanquished

Notes
Turn   | Place    | Note
-------+----------+-------------------------------------------
     0 | D:1      | Kranky the Gnoll Wanderer began the quest for the Orb.
     0 | D:1      | Kranky set off with the following items: a +0 dagger, a +0
                  | robe, a +0 cloak; and the following spell memorised: Summon
                  | Small Mammal; and the following spells available to
                  | memorise: Wereblood, Passwall, Summon Guardian Golem,
                  | Animate Armour
     0 | D:1      | Reached XP level 1. HP: 20/20 MP: 8/8
   359 | D:1      | Reached XP level 2. HP: 14/26 MP: 10/10
  1321 | D:1      | Reached XP level 3. HP: 28/31 MP: 11/11
  2042 | D:2      | Reached skill level 1 in Invocations
  2151 | D:2      | Identified the +0 robe of Xupoiph {rC+ MP+9 Slay-2}
  2429 | D:2      | Reached skill level 1 in Short Blades
  2429 | D:2      | Reached skill level 1 in Long Blades
  2429 | D:2      | Reached skill level 1 in Axes
  2429 | D:2      | Reached skill level 1 in Maces & Flails
  2429 | D:2      | Reached skill level 1 in Polearms
  2429 | D:2      | Reached skill level 1 in Staves
  2429 | D:2      | Reached skill level 1 in Slings
  2429 | D:2      | Reached skill level 1 in Bows
  2429 | D:2      | Reached skill level 1 in Crossbows
  2429 | D:2      | Reached skill level 1 in Throwing
  2429 | D:2      | Reached skill level 1 in Armour
  2429 | D:2      | Reached skill level 1 in Dodging
  2429 | D:2      | Reached skill level 1 in Shields
  2429 | D:2      | Reached skill level 1 in Unarmed Combat
  2429 | D:2      | Reached skill level 1 in Evocations
  2440 | D:2      | Reached XP level 4. HP: 37/38 MP: 13/13
  3186 | D:3      | Found a transporter.
  3187 | D:3      | Found a transporter.
  3187 | D:3      | Noticed Sin92's ghost (amateur DsFi)
  3188 | D:3      | Identified the +7 dire flail of Welfare {vamp, Stlth+}
  3188 | D:3      | Noticed an ogre
  3190 | D:3      | Noticed an ogre
  3326 | D:3      | Found a transporter.
  3344 | D:3      | Found a transporter.
  3384 | D:3      | Reached skill level 1 in Conjurations
  3384 | D:3      | Reached skill level 1 in Hexes
  3384 | D:3      | Reached skill level 1 in Necromancy
  3384 | D:3      | Reached skill level 1 in Translocations
  3384 | D:3      | Reached skill level 1 in Fire Magic
  3384 | D:3      | Reached skill level 1 in Ice Magic
  3384 | D:3      | Reached skill level 1 in Air Magic
  3384 | D:3      | Reached skill level 1 in Earth Magic
  3384 | D:3      | Reached skill level 1 in Poison Magic
  4070 | D:4      | Reached XP level 5. HP: 40/43 MP: 14/14
  4092 | D:4      | Noticed an ogre
  4120 | D:4      | Killed an ogre
  4267 | D:4      | Reached XP level 6. HP: 50/50 MP: 16/16
  4455 | D:3      | Reached skill level 5 in Fighting
  4756 | D:4      | Noticed a necrophage
  5070 | D:4      | Found a radiant altar of Vehumet.
  5088 | D:4      | Found a staircase to the Ecumenical Temple.
  5369 | D:4      | Killed a necrophage
  5370 | D:4      | Reached XP level 7. HP: 46/56 MP: 18/18
  5505 | Temple   | Entered the Ecumenical Temple
  5701 | Temple   | Became a worshipper of Warmaster Okawaru
  5851 | D:4      | Found an ornate altar of the Wu Jian Council.
  6126 | D:5      | Entered Level 5 of the Dungeon
  6230 | D:5      | Noticed Grinder
  6302 | D:5      | HP: 1/56 [phantom (6)]
  6310 | D:5      | Slain by an adder

Illustrated notes

Levels and vault maps discovered:
D:1:      eino_arrival_tree_alley, layout_basic
D:2:      layout_basic, hangedman_decor_clover_reticule
D:3:      gammafunk_wand_slinger, layout_loops_cross, gammafunk_ghost_smash,
          serial_bayou_lake_a
D:4:      layout_rooms, nicolae_wu_jian_immortal_techniques,
          mainiacjoe_overflow_tiny_flanked, minmay_temple_entry_junction,
          minmay_crossroads
D:5:      layout_basic, regret_index_temple_of_mockery, tso_metal_star,
          mainiacjoe_overflow_divided_tiny, serial_bayou_crossing, uniq_grinder,
          uniq_sigmund, uniq_edmund, uniq_blork_the_orc
Temple:   grunt_temple_mini_profane

Skill      XL: |  1  2  3  4  5  6  7 |
---------------+----------------------+-----
Transmutations | 2 |  2.9
Invocations    | 1 2 |  2.7
Short Blades   | 1 2 |  2.4
Long Blades    | 1 2 |  2.4
Axes           | 1 2 |  2.4
Maces & Flails | 1 2 |  2.4
Polearms       | 1 2 |  2.4
Staves         | 1 2 |  2.4
Slings         | 1 2 |  2.4
Bows           | 1 2 |  2.4
Crossbows      | 1 2 |  2.4
Throwing       | 1 2 |  2.4
Armour         | 1 2 |  2.4
Dodging        | 1 2 |  2.4
Shields        | 1 2 |  2.4
Unarmed Combat | 1 2 |  2.4
Evocations     | 1 2 |  2.4
Conjurations   | 1 2 |  2.0
Hexes          | 1 2 |  2.0
Necromancy     | 1 2 |  2.0
Translocations | 1 2 |  2.0
Fire Magic     | 1 2 |  2.0
Ice Magic      | 1 2 |  2.0
Air Magic      | 1 2 |  2.0
Earth Magic    | 1 2 |  2.0
Poison Magic   | 1 2 |  2.0
Stealth        | 3 |  3.4
Fighting       | 5 |  5.2
Spellcasting   | |  7.6
Summonings     | |  5.8

Action                   |  1- 3 |  4- 6 |  7- 9 || total
-------------------------+-------+-------+-------++-------
Melee: Dagger            |   136 |       |       ||   136
       Bite              |    21 |    26 |     7 ||    54
       Long sword        |    76 |    76 |       ||   152
       Punch             |     4 |     3 |     3 ||    10
       Hand axe          |       |   124 |    47 ||   171
Throw: Dart              |       |     5 |     2 ||     7
  Use: Scroll            |       |       |     3 ||     3
       Potion            |       |       |     1 ||     1
 Stab: Sleeping          |     5 |     1 |       ||     6
       Invisible         |       |       |     1 ||     1
Armor: Robe              |    42 |       |       ||    42
       Chain mail        |    38 |    74 |       ||   112
       Scale mail        |       |    89 |    23 ||   112
Dodge: Dodged            |   108 |    91 |    24 ||   223
